 Dungeon Crawl Stone Soup version 0.22-a0-278-g8f80174 (webtiles) character file.

288 tidbits the Insei (level 6, 1/47 HPs)
             Began as a Gnoll Transmuter on Mar 16, 2018.
             Quit the game on level 3 of the Dungeon.
             The game lasted 00:06:53 (781 turns).

tidbits the Insei (Gnoll Transmuter)                 Turns: 781, Time: 00:06:54

Health: 1/47       AC:  2    Str: 11 (12) XL:     6   Next: 31%
Magic:  8/14       EV: 24    Int: 17 (18) God:
Gold:   126        SH:  0    Dex: 19 (20) Spells: 9/15 levels left

rFire    + . .     SeeInvis .     - Unarmed
rCold    . . .     Gourm    .   (shield currently unavailable)
rNeg     . . .     Faith    .   (armour currently unavailable)
rPois    x         Spirit   .   (helmet currently unavailable)
rElec    .         Reflect  .   (cloak currently unavailable)
rCorr    .         Harm     .   (gloves currently unavailable)
MR       .....                  (boots currently unavailable)
Stlth    +.........             (no amulet)
HPRegen  0.15/turn              n - ring of protection from fire
MPRegen  0.14/turn              (no ring)

@: confused, spider-form (expiring), very slightly contaminated, hasted,
invisible, very quick
A: tiny, distributed training, strong nose
a: End Transformation


You were on level 3 of the Dungeon.
You were not hungry.
You were a venomous arachnid creature.
You visited 1 branch of the dungeon, and saw 5 of its levels.

You collected 126 gold pieces.

Inventory:

Hand Weapons
 k - a +0 dagger
Missiles
 a - 20 arrows
 e - 25 sling bullets
 f - 46 bolts
 g - 59 stones (quivered)
Armour
 b - a +0 robe (melded)
Jewellery
 n - a ring of protection from fire (left front leg)
   (You found it on level 4 of the Dungeon)
Wands
 o - a wand of clouds (8)
 q - a wand of disintegration (15)
Scrolls
 c - 2 scrolls of fog {unknown}
 j - 4 scrolls of amnesia {unknown}
 m - a scroll of enchant weapon {unknown}
 p - a scroll of identify {unknown}
 r - 2 scrolls of remove curse {unknown}
 s - a scroll of random uselessness {unknown}
Comestibles
 d - 5 rations


   Skills:
 + Level 3.2 Fighting
 + Level 1.8 Short Blades
 + Level 1.8 Long Blades
 + Level 1.8 Axes
 + Level 1.8 Maces & Flails
 + Level 1.8 Polearms
 + Level 1.8 Staves
 + Level 1.8 Slings
 + Level 1.8 Bows
 + Level 1.8 Crossbows
 + Level 1.8 Throwing
 + Level 1.8 Armour
 + Level 4.9 Dodging
 + Level 1.8 Stealth
 + Level 1.8 Shields
 + Level 6.8 Unarmed Combat
 + Level 5.3 Spellcasting
 + Level 1.4 Conjurations
 + Level 1.4 Hexes
 + Level 1.4 Charms
 + Level 1.4 Summonings
 + Level 1.4 Necromancy
 + Level 1.4 Translocations
 + Level 4.1 Transmutations
 + Level 1.4 Fire Magic
 + Level 1.4 Ice Magic
 + Level 1.4 Air Magic
 + Level 1.4 Earth Magic
 + Level 1.4 Poison Magic
 + Level 2.0 Invocations
 + Level 1.8 Evocations


You had 9 spell levels left.
You knew the following spells:

 Your Spells              Type           Power        Failure   Level  Hunger
e - Beastly Appendage     Tmut           ###...       10%         1    None
k - Sticks to Snakes      Tmut           ###.....     12%         2    #......
p - Spider Form           Tmut/Pois      ##........   30%         3    ##.....


Dungeon Overview and Level Annotations

Branches:
Dungeon (5/15)
 Temple: D:4-7

Altars:
Makhleb
Wu Jian


Innate Abilities, Weirdness & Mutations

Your experience applies equally to all skills.
((You have very sharp teeth.))
Your uncanny sense of smell can sniff out nearby items.


Message History

The orc hits you.
* * * LOW HITPOINT WARNING * * *
The orc completely misses you.
You hit the orc.
The orc is poisoned.
The orc is heavily wounded.
The orc barely misses you. The orc closely misses you.
You hit the orc priest.
The orc priest is poisoned.
The orc priest is moderately wounded.
You kill the orc!
The orc priest misses you. The orc misses you.
You are feeling hungry.
You hit the orc priest.
The orc priest looks as sick as possible!
The orc priest is severely wounded.
The orc priest completely misses you. The orc closely misses you.
You bite the orc priest!
You kill the orc priest!
The orc closely misses you.
You barely miss the orc. You hit the orc.
The orc is poisoned.
The orc is moderately wounded.
The orc hits you.
* * * LOW HITPOINT WARNING * * *
You hit the orc.
You kill the orc!
Your transformation has ended.
Your +0 robe unmelds from your body.
Things that are here:
a scale mail; an orc corpse You butcher the orc corpse.
Things that are here:
a scale mail; a chunk of flesh; an orc skeleton Eat a chunk of flesh? (ye/n/q)
You eat the chunk of flesh.
This raw flesh tastes terrible.
Things that are here:
a short sword; a chain mail; an orc corpse
Things that are here:
a dagger; a robe; an orc corpse
k - a dagger An adder comes into view.
A quokka and an orc wizard come into view.
The quokka moves out of view.
Found a stone staircase leading up.
You see here a scroll labeled QAT BAEHUMYISM.
s - a scroll labeled QAT BAEHUMYISM A jackal comes into view.
The jackal moves out of view.
Found a scroll labeled AFUSOE YMAPH.
Unknown command.
You see here a scroll labeled AFUSOE YMAPH.
r - 2 scrolls labeled AFUSOE YMAPH (gained 1)
Found a ring of protection from fire.
There is a stone staircase leading up here.
You climb upwards.
The orc shouts!
An orc and 2 orc wizards come into view.
The orc wizard shouts! x2
Found 28 arrows and 12 gold pieces.
Found a stone staircase leading up.
There is a stone staircase leading down here.
You open the door.
A bat comes into view.
The orc shouts!
You hear a shout!
The orc wizard looks satisfied for a moment.
There is an open door here.
Casting: Spider Form (safe; 12% risk of failure)
Confirm with . or Enter, or press ? or * to list all spells.
You turn into a venomous arachnid creature.
Your +0 robe melds into your body.
Your transformation is almost over.
The orc wizard casts a spell at you. The magic dart hits you!
* * * LOW HITPOINT WARNING * * *
You barely miss the orc wizard. The orc wizard casts a spell at you.
You are confused.
You hit the orc wizard.
The orc wizard is poisoned.
The orc wizard is lightly wounded.
The orc wizard begins to cast a cantrip, but forgets the words!
The orc wizard casts a spell at you. The magic dart hits you!
* * * LOW HITPOINT WARNING * * *
It was a potion of haste.
You feel yourself speed up. The bat misses you. The bat completely misses you.
The orc wizard mumbles some strange words.
The orc wizard flickers and vanishes!
It was a potion of invisibility.
You fade into invisibility!
The bat completely misses you.
You hear some strange, mumbled words.
A puff of flame appears from out of thin air!
The puff of flame hits you! You resist.
* * * LOW HITPOINT WARNING * * *
You are very lightly contaminated with residual magic.
It was a potion of degeneration.
There was something very wrong with that liquid.
You feel weakened.
You feel dopey.
You feel clumsy. The bat misses you.
An orc priest comes into view. It is wielding a hand axe.
Are you sure you want to abandon this character and quit the game? (Confirm with "yes".)

## ##.# .....#.#
##.#..#.#
#..<..#.#
..o...#$#
........#
##.....#
#....oo######...
#.....o{sb......
#......######.#.
#...#### #.( #.
#


You could see an orc priest (wandering), an orc wizard, 2 orcs and a bat.

Vanquished Creatures
  A phantom (D:4)
  2 orc priests (D:4)
  An orc wizard (D:4)
  A worker ant (D:4)
  A hound skeleton (D:4)
  4 adders
  An adder skeleton (D:4)
  A worm (D:2)
  2 leopard geckos
  8 orcs (D:4)
  A ball python (D:3)
  5 hobgoblins
  13 jackals
  A quokka (D:4)
  A bat (D:3)
  A frilled lizard (D:1)
  A jackal skeleton (D:4)
  A quokka skeleton (D:5)
  2 rats (D:1)
48 creatures vanquished.

Vanquished Creatures (collateral kills)
  An orc (D:4)
1 creature vanquished.

Grand Total: 49 creatures vanquished

Notes
Turn   | Place    | Note
-------+----------+-------------------------------------------
     0 | D:1      | tidbits the Gnoll Transmuter began the quest for the Orb.
     0 | D:1      | Reached XP level 1. HP: 17/17 MP: 6/6
   142 | D:1      | Reached XP level 2. HP: 23/23 MP: 4/7
   153 | D:1      | Learned a level 2 spell: Sticks to Snakes
   291 | D:3      | Reached skill level 5 in Spellcasting
   291 | D:3      | Reached XP level 3. HP: 19/28 MP: 4/9
   296 | D:3      | Learned a level 3 spell: Spider Form
   297 | D:3      | Found a burning altar of Makhleb.
   403 | D:4      | Reached skill level 1 in Invocations
   430 | D:4      | Reached skill level 1 in Short Blades
   430 | D:4      | Reached skill level 1 in Long Blades
   430 | D:4      | Reached skill level 1 in Axes
   430 | D:4      | Reached skill level 1 in Maces & Flails
   430 | D:4      | Reached skill level 1 in Polearms
   430 | D:4      | Reached skill level 1 in Staves
   430 | D:4      | Reached skill level 1 in Slings
   430 | D:4      | Reached skill level 1 in Bows
   430 | D:4      | Reached skill level 1 in Crossbows
   430 | D:4      | Reached skill level 1 in Throwing
   430 | D:4      | Reached skill level 1 in Armour
   430 | D:4      | Reached skill level 1 in Stealth
   430 | D:4      | Reached skill level 1 in Shields
   430 | D:4      | Reached skill level 1 in Evocations
   442 | D:4      | Reached XP level 4. HP: 17/34 MP: 1/11
   490 | D:4      | Reached skill level 1 in Conjurations
   490 | D:4      | Reached skill level 1 in Hexes
   490 | D:4      | Reached skill level 1 in Charms
   490 | D:4      | Reached skill level 1 in Summonings
   490 | D:4      | Reached skill level 1 in Necromancy
   490 | D:4      | Reached skill level 1 in Translocations
   490 | D:4      | Reached skill level 1 in Fire Magic
   490 | D:4      | Reached skill level 1 in Ice Magic
   490 | D:4      | Reached skill level 1 in Air Magic
   490 | D:4      | Reached skill level 1 in Earth Magic
   490 | D:4      | Reached skill level 1 in Poison Magic
   510 | D:4      | Noticed a phantom
   525 | D:4      | Killed a phantom
   525 | D:4      | Reached skill level 3 in Fighting
   525 | D:4      | Reached skill level 4 in Transmutations
   525 | D:4      | Reached XP level 5. HP: 19/41 MP: 1/12
   591 | D:5      | Entered Level 5 of the Dungeon
   615 | D:3      | Found an ornate altar of the Wu Jian Council.
   618 | D:3      | HP: 4/41 [poisoned by an adder]
   698 | D:4      | Reached XP level 6. HP: 44/47 MP: 3/13
   721 | D:4      | Reached skill level 2 in Invocations
   777 | D:3      | HP: 4/47 [orc wizard/magic dart (5)]
   779 | D:3      | HP: 1/47 [something/puff of flame (4)]
   781 | D:3      | Quit the game

Vault maps used:
D:1:      saegor_arrival_miasma, serial_park_tiny_1, minivault_24,
          supply_closet_lemuel
D:2:      minmay_misc_feat_room, minmay_surrounded
D:3:      cheibrodos_helix_gallery, overflow_temple_1_default, bloody_makhleb,
          uniq_crazy_yiuf_cottage
D:4:      minmay_temple_entry_overgrown, first_ration
D:5:      uniq_edmund, uniq_ijyb

Skill      XL: |  1  2  3  4  5  6 |
---------------+-------------------+-----
Spellcasting   | 5 |  5.3
Invocations    | 1 2 |  2.0
Short Blades   | 1 |  1.8
Long Blades    | 1 |  1.8
Axes           | 1 |  1.8
Maces & Flails | 1 |  1.8
Polearms       | 1 |  1.8
Staves         | 1 |  1.8
Slings         | 1 |  1.8
Bows           | 1 |  1.8
Crossbows      | 1 |  1.8
Throwing       | 1 |  1.8
Armour         | 1 |  1.8
Stealth        | 1 |  1.8
Shields        | 1 |  1.8
Evocations     | 1 |  1.8
Conjurations   | 1 |  1.4
Hexes          | 1 |  1.4
Charms         | 1 |  1.4
Summonings     | 1 |  1.4
Necromancy     | 1 |  1.4
Translocations | 1 |  1.4
Fire Magic     | 1 |  1.4
Ice Magic      | 1 |  1.4
Air Magic      | 1 |  1.4
Earth Magic    | 1 |  1.4
Poison Magic   | 1 |  1.4
Fighting       | 3 |  3.2
Transmutations | 4 |  4.1
Dodging        | |  4.9
Unarmed Combat | |  6.8

Action                   |  1- 3 |  4- 6 || total
-------------------------+-------+-------++-------
Melee: Unarmed           |    71 |    68 ||   139
       Bite              |     6 |       ||     6
       Kick              |     5 |     4 ||     9
       Headbutt          |     3 |       ||     3
       Punch             |     2 |     1 ||     3
 Cast: Beastly Appendage |     7 |     3 ||    10
       Sticks to Snakes  |     5 |     3 ||     8
       Spider Form       |     3 |     7 ||    10
  Use: Potion            |       |     5 ||     5
 Stab: Sleeping          |     1 |     1 ||     2
       Distracted        |     2 |       ||     2
  Eat: Chunk             |       |     1 ||     1
Armor: Robe              |     7 |     2 ||     9
       Skin              |       |     5 ||     5
Dodge: Dodged            |    40 |    81 ||   121

Table legend:
 A = Spawn XP
 B = Non-spawn XP
 C = Spawn XP percentage of total XP
 D = Spawn monster count
 E = Non-spawn monster count
 F = Spawn count percentage of total count
 G = Total turns spent on level
                    A         B        C        D         E        F      G
               +---------+---------+-------+---------+---------+-------+---------
         Total |       0 |     412 |   0.0 |       0 |      49 |   0.0 |   781
               +---------+---------+-------+---------+---------+-------+---------
           D:1 |       0 |      24 |   0.0 |       0 |      13 |   0.0 |   267
           D:2 |       0 |       6 |   0.0 |       0 |       2 |   0.0 |    15
           D:3 |       0 |      21 |   0.0 |       0 |       5 |   0.0 |   151
           D:4 |       0 |     346 |   0.0 |       0 |      27 |   0.0 |   330
           D:5 |       0 |      15 |   0.0 |       0 |       2 |   0.0 |    18
               +---------+---------+-------+---------+---------+-------+---------

Table legend:
 A = Turns spent in this place as a percentage of turns spent in the entire game.
 B = Non-inter-level travel turns spent in this place as a percentage of non-inter-level travel turns spent in the entire game.
 C = Inter-level travel turns spent in this place as a percentage of turns spent in this place.
 D = Turns resting spent in this place as a percentage of non-inter-level travel turns spent in this place.
 E = Turns spent auto-exploring this place as a percentage of non-inter-level travel turns spent in this place.
 F = Non-inter-level travel turns spent in this place divided by the number of levels of this place that you've seen.
                   A       B       C       D       E      F
               +-------+-------+-------+-------+-------+----------------------
         Total | 100.0 | 100.0 |   0.0 |   0.0 |   0.0 | 156.2
       Dungeon | 100.0 | 100.0 |   0.0 |   0.0 |   0.0 | 156.2
               +-------+-------+-------+-------+-------+----------------------

Table legend:
 A = Kills in this place as a percentage of kills in entire the game.
 B = Kills by you in this place as a percentage of kills by you in the entire game.
 C = Kills by friends in this place as a percentage of kills by friends in the entire game.
 D = Other kills in this place as a percentage of other kills in the entire game.
 E = Experience gained in this place as a percentage of experience gained in the entire game.
 F = Experience gained in this place divided by the number of levels of this place that you have seen.
                   A       B       C       D       E      F
               +-------+-------+-------+-------+-------+----------------------
         Total | 100.0 | 100.0 | 100.0 |   N/A | 100.0 |  82.4
       Dungeon | 100.0 | 100.0 | 100.0 |   N/A | 100.0 |  82.4
               +-------+-------+-------+-------+-------+----------------------

Vault maps used:
D:1:      saegor_arrival_miasma, serial_park_tiny_1, minivault_24,
          supply_closet_lemuel
D:2:      minmay_misc_feat_room, minmay_surrounded
D:3:      cheibrodos_helix_gallery, overflow_temple_1_default, bloody_makhleb,
          uniq_crazy_yiuf_cottage
D:4:      minmay_temple_entry_overgrown, first_ration
D:5:      uniq_edmund, uniq_ijyb
